 Dungeon Crawl Stone Soup version 0.24.0-28-g17ded55e90 (webtiles) character file.

Game seed: 2678158941652883618, levelgen mode: deterministic

720 Nattfarinn the Firebug (level 7, -4/59 HPs)
             Began as an Ogre Fire Elementalist on Nov 12, 2019.
             Slain by a centaur (5 damage)
             ... on level 5 of the Dungeon.
             The game lasted 00:12:55 (4932 turns).

Nattfarinn the Firebug (Ogre Fire Elementalist)     Turns: 4932, Time: 00:12:58

Health: -4/59      AC:  3    Str: 13    XL:     7   Next: 70%
Magic:  0/14       EV: 10    Int: 18    God:
Gold:   144        SH:  0    Dex:  9    Spells: 14/15 levels left

rFire    . . .     SeeInvis .   h - +0 spear (venom)
rCold    . . .     Gourm    .   (no shield)
rNeg     . . .     Faith    .   a - +0 robe
rPois    +         Spirit   +   (helmet restricted)
rElec    .         Reflect  .   (no cloak)
rCorr    +         Harm     .   (gloves unavailable)
MR       .....                  (boots unavailable)
Stlth    +.........             p - amulet of guardian spirit
HPRegen  0.19/turn              n - ring of resist corrosion
MPRegen  0.14/turn              x - ring of poison resistance

@: no status effects
A: large, unfitting armour, tough skin 1
a: no special abilities


You were on level 5 of the Dungeon.
You were not hungry.

You visited 1 branch of the dungeon, and saw 5 of its levels.

You collected 144 gold pieces.

Inventory:

Hand Weapons
 d - a +0 club
 h - a +0 spear of venom (weapon)
 v - a +1 short sword of electrocution
Armour
 a - a +0 robe (worn)
Magical Staves
 w - an uncursed staff of cold
Jewellery
 n - a ring of resist corrosion (left hand)
 p - an amulet of guardian spirit (around neck)
 x - a ring of poison resistance (right hand)
Wands
 b - a wand of paralysis (12)
 s - a wand of acid (6)
Scrolls
 f - a scroll of fear {unknown}
 i - 8 scrolls of identify {unknown}
 k - 2 scrolls of amnesia {unknown}
 l - 3 scrolls of fog {unknown}
 m - 3 scrolls of enchant weapon {unknown}
 r - 3 scrolls of teleportation {unknown}
 t - a scroll of enchant armour {unknown}
 u - a scroll of immolation {unknown}
Potions
 e - a potion of resistance
 g - a potion of berserk rage
 z - a potion of degeneration {unknown}
 A - a potion of heal wounds {unknown}
Comestibles
 c - 12 rations
 q - a chunk of flesh


   Skills:
 + Level 3.2 Throwing
 - Level 1.7 Dodging
 - Level 1.4 Stealth
 + Level 4.6 Spellcasting
 + Level 3.4 Conjurations
 * Level 5.4 Fire Magic


You had 14 spell levels left.
You knew the following spells:

 Your Spells              Type           Power        Failure   Level  Hunger
a - Flame Tongue          Conj/Fire      ###..        2%          1    None

Your spell library contained the following spells:

 Spells                   Type           Power        Failure   Level  Hunger
 Throw Flame              Conj/Fire      ###...       3%          2    #......
 Conjure Flame            Conj/Fire      ###.....     7%          3    ###....
 Inner Flame              Hex/Fire       ##......     14%         3    ###....
 Sticky Flame             Conj/Fire      ###.....     22%         4    ####...
 Fireball                 Conj/Fire      ###.......   52%         5    ######.


Dungeon Overview and Level Annotations

Branches:
Dungeon (5/15)
 Temple: D:4-7

Altars:
Ashenzari
Makhleb
Sif Muna


Innate Abilities, Weirdness & Mutations

You are too large for most types of armour.
You have tough skin. (AC +1)


Message History

The centaur is lightly wounded.
The centaur hits you. The centaur hits you!
* * * LOW HITPOINT WARNING * * *
You hit the centaur.
The centaur looks as sick as possible!
The centaur is lightly wounded.
The centaur hits you.
* * * LOW HITPOINT WARNING * * *
The centaur hits you!
* * * LOW HITPOINT WARNING * * *
It was a potion of brilliance.
You feel clever all of a sudden. The centaur hits you.
* * * LOW HITPOINT WARNING * * *
It was a potion of cancellation.
Your magical effects are unravelling.
You feel magically purged.
You feel a little less clever now.
The centaur hits you but does no damage.
The centaur hits you.
You die...

##.######.#.###.#........
..
................###.####
... .#......#.###...# #.
#.. #.##.......#...# #.
#.. #. #.#...#.#...#
#.#.....#...#
#.#.[.#.#...###
#.#...#.#.c...#
#...#.#.@.# #.###.#(#.#
#.....#(#.#.#
#####.(.....#
........#.#.###
..........#.#
###########.# .#


You could see a centaur.

Vanquished Creatures
  Duvessa (D:5)
  Dowan (D:5)
  A bullfrog skeleton (D:4)
  3 hounds
  3 orc wizards
  4 orc priests
  4 worker ants (D:4)
  An iguana (D:4)
  A hound skeleton (D:4)
  2 adders (D:4)
  An ooze (D:1)
  2 worms (D:4)
  2 leopard geckos (D:4)
  12 orcs
  3 ball pythons
  A giant cockroach (D:2)
  8 goblins
  8 hobgoblins
  4 jackals (D:2)
  A quokka (D:5)
  4 bats (D:1)
  8 frilled lizards
  A jackal skeleton (D:4)
  3 kobolds
  4 rats
83 creatures vanquished.

Notes
Turn   | Place    | Note
-------+----------+-------------------------------------------
     0 | D:1      | Nattfarinn the Ogre Fire Elementalist began the quest for
                  | the Orb.
     0 | D:1      | Reached XP level 1. HP: 16/16 MP: 3/3
    14 | D:1      | Reached skill level 1 in Conjurations
   245 | D:1      | Reached XP level 2. HP: 24/24 MP: 2/5
   259 | D:1      | Reached skill level 3 in Fire Magic
   879 | D:1      | Reached XP level 3. HP: 24/31 MP: 2/7
  1089 | D:2      | Found a faded altar of an unknown god.
  1897 | D:3      | Found a shattered altar of Ashenzari.
  1965 | D:3      | Reached skill level 1 in Throwing
  1965 | D:3      | Reached XP level 4. HP: 36/39 MP: 2/8
  2455 | D:3      | Found a shimmering blue altar of Sif Muna.
  2479 | D:4      | Reached XP level 5. HP: 29/45 MP: 5/9
  2683 | D:4      | Reached skill level 4 in Fire Magic
  3229 | D:3      | Reached XP level 6. HP: 37/53 MP: 6/11
  3880 | D:4      | Reached XP level 7. HP: 30/59 MP: 8/13
  4119 | D:4      | Found a burning altar of Makhleb.
  4181 | D:5      | Entered Level 5 of the Dungeon
  4186 | D:4      | Reached skill level 5 in Fire Magic
  4441 | D:5      | Noticed Duvessa
  4608 | D:5      | Noticed Dowan
  4645 | D:5      | Killed Duvessa
  4802 | D:5      | Killed Dowan
  4931 | D:5      | HP: 1/59 [centaur (2)]
  4932 | D:5      | Slain by a centaur

Levels and vault maps discovered:
D:1:      minmay_arrival_glassed_features, layout_basic
D:2:      layout_basic, chequers_ecumenical_altar_grove
D:3:      layout_rooms, lemuel_blue_sif_altar, nicolae_overflow_crystal_walls
D:4:      layout_cave_pools, makhleb_heckhound_becter
D:5:      layout_basic, nicolae_overflow_hidden_temple, lemuel_crystal_altar,
          old_standard_altar, first_ration, basic_altar, serial_shops,
          nicolae_shop_waterfront, nicolae_dithmenos_shadow_blocks, uniq_duvessa

Skill      XL: |  1  2  3  4  5  6  7 |
---------------+----------------------+-----
Conjurations   | 1 2 3 |  3.4
Fire Magic     | 3 4 5 |  5.4
Spellcasting   | 3 4 |  4.6
Throwing       | 1 2 3 |  3.2
Dodging        | |  1.7
Stealth        | |  1.4

Action                   |  1- 3 |  4- 6 |  7- 9 || total
-------------------------+-------+-------+-------++-------
Melee: Club              |    51 |     8 |       ||    59
       Spear             |       |    81 |    39 ||   120
Throw: Large rock        |    21 |    21 |     8 ||    50
 Cast: Flame Tongue      |    58 |    17 |    16 ||    91
  Use: Potion            |       |     2 |     2 ||     4
 Stab: Sleeping          |       |     1 |       ||     1
  Eat: Chunk             |     3 |     6 |     4 ||    13
Armor: Robe              |    43 |    13 |     8 ||    64
Dodge: Dodged            |    58 |    42 |    21 ||   121
